 Dungeon Crawl Stone Soup version 0.28.0-53-g5a82cb258f (webtiles) character file.

Game seed: 17729525792820814185

3735 Zeld the Fighter (level 10, -2/83 HPs)
             Began as a Formicid Fighter on May 21, 2022.
             Was a Believer of Wu Jian.
             Hit by a boomerang thrown by an orc warrior (11 damage)
             ... on level 9 of the Dungeon.
             The game lasted 00:08:05 (10529 turns).

Zeld the Fighter (Formicid Fighter)                Turns: 10529, Time: 00:08:06

Health: -2/83      AC: 15    Str: 25    XL:     10   Next: 37%
Magic:  10/10      EV:  8    Int: 12    God:    Wu Jian [**....]
Gold:   488        SH:  5    Dex: 10    Spells: 9/9 levels left

rFire   + . .      SeeInvis +   w - +5 quarterstaff of Defiance {venom, rF+ Int+4}
rCold   . . .      Faith    .   c - +0 buckler
rNeg    + . .      Spirit   .   n - +0 plate armour
rPois   .          Reflect  .   (helmet unavailable)
rElec   .          Harm     .   (no cloak)
rCorr   .          Rampage  .   h - +0 pair of gloves
Will    +....                   x - +0 pair of boots
Stlth   ..........              (no amulet)
HPRegen 0.23/turn               i - ring of positive energy
MPRegen 0.12/turn               (no ring)

@: no status effects
A: permanent stasis, dig shafts and tunnels, antennae 3, four strong arms
a: Dig, Shaft Self, Renounce Religion, Wall Jump


You were on level 9 of the Dungeon.
You worshipped Wu Jian.
Wu Jian was pleased with you.
You visited 2 branches of the dungeon, and saw 10 of its levels.
You also visited: Ossuary.

You collected 488 gold pieces.

Inventory:

Hand Weapons
 a - a +0 war axe
 w - the +5 quarterstaff of Defiance (weapon) {venom, rF+ Int+4}
   (You found it on level 4 of the Dungeon)

   It poisons the flesh of those it strikes.
   Int:       It affects your intelligence (+4).
   rF:        It protects you from fire.
Armour
 c - a +0 buckler (worn)
 h - a +0 pair of gloves (worn)
 n - a +0 plate armour (worn)
 x - a +0 pair of boots (worn)
Jewellery
 i - a ring of positive energy (left hand)
 s - a ring of protection from cold
Wands
 E - a wand of paralysis (14)
Scrolls
 f - a scroll of brand weapon {unknown}
 g - 3 scrolls of noise {unknown}
 p - 4 scrolls of fog {unknown}
 r - 3 scrolls of vulnerability {unknown}
 t - 3 scrolls of fear {unknown}
 u - 4 scrolls of identify {unknown}
 v - a scroll of teleportation {unknown}
 y - 3 scrolls of enchant weapon {unknown}
 B - a scroll of silence {unknown}
 C - 2 scrolls of enchant armour {unknown}
 F - a scroll of torment {unknown}
 G - 2 scrolls of immolation {unknown}
 H - a scroll of holy word {unknown}
Potions
 b - 2 potions of haste {unknown}
 d - a potion of might
 e - 2 potions of lignification {unknown}
 j - 2 potions of curing
 k - 2 potions of ambrosia {unknown}
 l - 3 potions of flight {unknown}
 m - 4 potions of degeneration {unknown}
 o - 2 potions of attraction {unknown}
 q - 2 potions of magic {unknown}
 z - a potion of mutation {unknown}
 A - 2 potions of heal wounds {unknown}
 D - a potion of invisibility {unknown}


   Skills:
 * Level 9.1 Fighting
 * Level 7.9 Axes
 + Level 6.8 Armour
 + Level 4.7 Dodging
 + Level 7.3 Shields


You had 9 spell levels left.
You didn't know any spells.
Your spell library was empty.

Dungeon Overview and Level Annotations

Branches:
Dungeon (9/15)             Temple (1/1) D:4         Ossuary (visited)
   Lair: D:8-11         Orc: D:9-12

Altars:
Ashenzari
Cheibriados
Dithmenos
Elyvilon
Gozag
Hepliaklqana
Kikubaaqudgha
Makhleb
Nemelex Xobeh
Okawaru
Qazlal
Sif Muna
Trog
Uskayaw
Vehumet
Wu Jian
Xom
Yredelemnul
Zin
The Shining One


Innate Abilities, Weirdness & Mutations

You cannot be hasted, slowed, berserked, paralysed or teleported.
You can dig through walls and to a lower floor.
You have a pair of large antennae on your head. (SInv)
Your four strong arms can wield two-handed weapons with a shield.


Message History

Unknown command.
Unknown command.
You hit the orc.
The orc is almost dead.
The orc warrior hits you from afar with a +0 glaive!!
The orc hits you but does no damage.
You are too injured to fight recklessly!
You are too injured to fight recklessly!
You are too injured to fight recklessly!
You are too injured to fight recklessly!
You spin and attack the orc.
You hit the orc.
You kill the orc!
The Council accepts your kill. The orc warrior closely misses you.
You hit the orc warrior.
The orc warrior is poisoned.
The orc warrior is lightly wounded.
The orc warrior hits you with a +0 glaive!
You block the orc warrior's attack.
You barely miss the orc warrior.
The orc warrior is lightly wounded.
The orc warrior hits you with a +0 glaive!
* * * LOW HITPOINT WARNING * * *
You hit the orc warrior.
The orc warrior is moderately wounded.
You block the orc warrior's attack.
Unknown command.
You hit the orc warrior but do no damage.
The orc warrior is moderately wounded.
The orc warrior hits you with a +0 glaive.
* * * LOW HITPOINT WARNING * * *
The orc warrior closely misses you.
Unknown command.
You barely miss the orc warrior.
The orc warrior is heavily wounded.
The orc warrior barely misses you.
Unknown command.
Unknown command.
The orc warrior barely misses you.
The orc warrior throws a boomerang.
The boomerang hits you!
You die...

#..........#
#..........#
#...)))....#
#..........#
#..........#
#...o......#
#..........#
#..........#
#...@......#
#..........#
#..........#
#..........#
#..........#
#..........#
#..........#
#..........#


You could see an orc warrior (poisoned).

Vanquished Creatures
  A hornet (D:7)
  Sigmund (D:3)
  A wyvern (D:8)
  Eustachio (D:4)
  Menkaure (D:4)
  2 steam dragons
  A water moccasin (D:6)
  A sky beast (D:8)
  4 ice beasts
  2 black bears
  2 centaurs
  5 ogres
  3 bullfrogs
  A scorpion (D:6)
  A gnoll sergeant (D:8)
  A wyvern skeleton (D:6)
  6 killer bees (D:8)
  2 jellies (D:6)
  An orc priest (D:9)
  2 centaur skeletons
  A gnoll shaman (D:5)
  3 hounds
  2 centaur zombies
  Terence (D:2)
  An orc wizard (D:6)
  An iguana (D:6)
  A hound zombie (D:5)
  2 hound skeletons (D:4)
  3 mummies (Ossuary)
  A howler monkey zombie (D:8)
  11 gnolls
  A howler monkey skeleton (D:7)
  4 adders
  A shadow imp (D:7)
  2 white imps (D:8)
  An adder skeleton (D:5)
  An adder zombie (Ossuary)
  4 worms
  A dart slug (D:1)
  14 orcs
  9 endoplasms
  A giant cockroach (D:1)
  10 goblins
  4 hobgoblins
  A jackal (D:3)
  4 quokkas
  3 ball pythons
  7 bats
  4 frilled lizards
  6 goblin zombies (Ossuary)
  2 hobgoblin zombies (Ossuary)
  4 kobolds
  3 kobold zombies (Ossuary)
  3 quokka zombies (Ossuary)
  2 rats (D:1)
  3 rat zombies (Ossuary)
161 creatures vanquished.

Notes
Turn   | Place    | Note
-------+----------+-------------------------------------------
     0 | D:1      | Zeld the Formicid Fighter began the quest for the Orb.
     0 | D:1      | Reached XP level 1. HP: 18/18 MP: 1/1
   125 | D:1      | Reached XP level 2. HP: 24/24 MP: 2/2
   699 | D:1      | Found a faded altar of an unknown god.
   885 | D:2      | Reached XP level 3. HP: 28/30 MP: 3/3
   982 | D:2      | Noticed Terence
   991 | D:2      | Killed Terence
   992 | D:2      | Reached XP level 4. HP: 20/37 MP: 4/4
  1163 | D:2      | Reached skill level 4 in Fighting
  1287 | D:2      | Reached skill level 1 in Dodging
  1563 | D:3      | Found a bloodstained altar of Trog.
  1594 | D:3      | Found a shimmering blue altar of Sif Muna.
  1669 | D:3      | Noticed Sigmund
  1684 | D:3      | Killed Sigmund
  1685 | D:3      | Reached XP level 5. HP: 29/43 MP: 5/5
  1685 | D:3      | Reached XP level 6. HP: 34/50 MP: 6/6
  2107 | D:3      | Found a hazy altar of Hepliaklqana.
  2511 | D:4      | Noticed Menkaure
  2954 | D:4      | Killed Menkaure
  2955 | D:4      | Reached skill level 5 in Fighting
  2955 | D:4      | Reached XP level 7. HP: 27/56 MP: 7/7
  3360 | D:4      | Found a staircase to the Ecumenical Temple.
  3380 | Temple   | Entered the Ecumenical Temple
  3610 | Temple   | Became a worshipper of the Wu Jian Council
  3849 | D:4      | Noticed Eustachio
  3880 | D:4      | Killed Eustachio
  4155 | D:4      | Found a stormy altar of Qazlal.
  4287 | D:4      | Found a white marble altar of Elyvilon.
  4301 | D:4      | Reached skill level 5 in Shields
  4454 | D:4      | Reached XP level 8. HP: 61/64 MP: 8/8
  4464 | D:4      | Identified the +5 quarterstaff of Defiance {venom, rF+
                  | Int+4}
  4531 | D:5      | Entered Level 5 of the Dungeon
  4536 | D:5      | Reached skill level 6 in Fighting
  4640 | D:5      | Found a sand-covered staircase.
  4645 | Ossuary  | Entered an ossuary
  4965 | Ossuary  | Reached * piety under Wu Jian
  5094 | D:5      | Reached skill level 5 in Axes
  5098 | D:5      | Reached skill level 5 in Armour
  5858 | D:6      | Reached skill level 7 in Fighting
  5858 | D:6      | Reached XP level 9. HP: 45/72 MP: 9/9
  6155 | D:6      | Found an ancient bone altar of Kikubaaqudgha.
  7922 | D:7      | Found a snail-covered altar of Cheibriados.
  8375 | D:7      | Reached skill level 8 in Fighting
  8548 | D:7      | Noticed a hornet
  8554 | D:7      | Killed a hornet
  9037 | D:8      | Found a glowing golden altar of the Shining One.
  9045 | D:8      | Reached XP level 10. HP: 77/81 MP: 10/10
  9609 | D:8      | Reached ** piety under Wu Jian
 10004 | D:8      | Found a glowing golden altar of the Shining One.
 10091 | D:8      | Reached skill level 9 in Fighting
 10529 | D:9      | Hit by a boomerang thrown by an orc warrior

Illustrated notes

Levels and vault maps discovered:
D:1:      dpeg_arrival_concentric_ovals, layout_loops_ring,
          shapermc_ecumenical_altar_mp_vishouse
D:2:      layout_basic, uniq_terence
D:3:      layout_basic, nzn_hepliaklqana_mist_gate, bloody_trog,
          general_overflow_altar, minmay_misc_feat_secret_circle,
          minmay_quadrilaterals, uniq_sigmund
D:4:      layout_cave_pools, mainiacjoe_overflow_surrounded_room,
          kennysheep_little_box, minmay_temple_entry_slanted,
          kennysheep_generic_room_2, uniq_eustachio, uniq_menkaure
D:5:      layout_cave_pods, enter_ossuary_5, moated_statue, grunt_decor_fettered
D:6:      layout_gridville, mainiacjoe_overflow_alcove_1
D:7:      layout_loops_ring, amcnicky_altar_gilded, st_stairs_6,
          grunt_decor_one_mirror, kennysheep_cross_bottleneck
D:8:      layout_gridville, tso_metal_star, enter_bailey_3,
          kennysheep_small_circle
D:9:      layout_grid_maze, erik_orc_2
Temple:   minmay_temple_forest_path

Skill      XL: |  1  2  3  4  5  6  7  8  9 10 |
---------------+-------------------------------+-----
Fighting       | 4 5 7 8 9 |  9.1
Shields        | 4 5 6 7 |  7.3
Dodging        | 1 2 3 4 |  4.7
Axes           | 3 4 5 7 |  7.9
Armour         | 4 5 6 |  6.8

Action                   |  1- 3 |  4- 6 |  7- 9 | 10-12 || total
-------------------------+-------+-------+-------+-------++-------
Melee: War axe           |    49 |    96 |    61 |       ||   206
       Quarterstaff      |       |       |   221 |    74 ||   295
Invok: Lunge             |       |       |    16 |     4 ||    20
       Whirlwind         |       |       |     3 |     8 ||    11
  Use: Potion            |       |       |       |     2 ||     2
Armor: Scale mail        |    30 |     9 |       |       ||    39
       Plate armour      |       |    38 |   240 |    81 ||   359
Dodge: Dodged            |    26 |    33 |   150 |    55 ||   264
Block: Buckler           |    10 |    14 |    96 |    39 ||   159
